 Dungeon Crawl Stone Soup version 0.27-a0-1434-g6f15984924 (webtiles) character file.

Game seed: 12480428959907380985

762 Supercliff the Magician (level 7, -15/36 HPs)
             Began as a Deep Elf Air Elementalist on July 3, 2021.
             Engulfed by a cloud of flame (35 damage)
             ... on level 6 of the Dungeon.
             The game lasted 00:23:29 (7049 turns).

Supercliff the Magician (Deep Elf Air Elementalist) Turns: 7049, Time: 00:23:30

Health: -15/36     AC:  3    Str:  5    XL:     7   Next: 51%
Magic:  0/18       EV: 16    Int: 22    God:
Gold:   156        SH:  0    Dex: 15    Spells: 4/18 levels left

rFire    . . .     SeeInvis +   d - +0 quarterstaff
rCold    . . .     Faith    .   (shield currently unavailable)
rNeg     + . .     Spirit   +   a - +0 robe
rPois    +         Reflect  .   (no helmet)
rElec    .         Harm     .   y - +0 cloak
rCorr    .         Rampage  .   (no gloves)
Will     .....                  (no boots)
Stlth    ++........             s - amulet of Descent {Spirit Fly rN+ SInv}
HPRegen  0.12/turn              e - ring of poison resistance
MPRegen  0.16/turn              t - +4 ring of evasion

@: flying
A: no striking features
a: no special abilities


You were on level 6 of the Dungeon.
You visited 1 branch of the dungeon, and saw 6 of its levels.

You collected 156 gold pieces.

Inventory:

Hand Weapons
 d - a +0 quarterstaff (weapon)
 l - a +0 dagger
Missiles
 c - 164 stones
Armour
 a - a +0 robe (worn)
 y - a +0 cloak (worn)
Jewellery
 e - a ring of poison resistance (left hand)
 s - the amulet of Descent (around neck) {Spirit Fly rN+ SInv}
   (You found it on level 4 of the Dungeon)

   [amulet of guardian spirit]

   It causes incoming damage to be divided between your reserves of health and
   magic.
   rN:        It protects you from negative energy.
   SInv:      It lets you see invisible.
   Fly:       It grants you flight.
 t - a +4 ring of evasion (right hand)
 u - an amulet of reflection
Wands
 r - a wand of mindburst (12)
 w - a wand of paralysis (8)
Scrolls
 i - a scroll of teleportation
 k - a scroll of enchant armour {unknown}
 n - 3 scrolls of identify {unknown}
 o - a scroll of magic mapping {unknown}
 p - a scroll of torment {unknown}
Potions
 b - 2 potions of heal wounds
 g - 2 potions of mutation {unknown}
 j - 2 potions of curing {unknown}
 m - 3 potions of brilliance {unknown}
 q - a potion of lignification {unknown}
 v - 2 potions of magic {unknown}
 x - a potion of might {unknown}
 z - a potion of haste {unknown}
 A - a potion of cancellation {unknown}
 B - a potion of flight {unknown}


   Skills:
 - Level 2.4 Dodging
 - Level 2.9 Stealth
 + Level 6.1 Spellcasting
 * Level 5.4 Conjurations
 + Level 2.6 Fire Magic
 + Level 5.2 Air Magic


You had 4 spell levels left.
You knew the following spells:

 Your Spells              Type           Power      Damage    Failure   Level
a - Shock                 Conj/Air       100%       1d9       1%          1
b - Static Discharge      Conj/Air       30%        N/A       1%          2
c - Swiftness             Air            30%        N/A       3%          3
d - Airstrike             Air            15%        N/A       10%         4
e - Foxfire               Conj/Fire      96%        2x1d8     1%          1
f - Conjure Flame         Conj/Fire      24%        6-21      4%          3

Your spell library contained the following spells:

 Spells                   Type           Power      Damage    Failure   Level
 Corpse Rot               Necr/Air       N/A        N/A       4%          2
 Inner Flame              Hex/Fire       12%        N/A       16%         3
 Sticky Flame             Conj/Fire      24%        2d5       17%         4
 Ozocubu's Armour         Ice            6%         N/A       26%         3
 Dispel Undead            Necr           6%         3d8       65%         4
 Metabolic Englaciation   Hex/Ice        3%         N/A       94%         5
 Death Channel            Necr           3%         N/A       100%        6
 Simulacrum               Ice/Necr       3%         N/A       100%        6


Dungeon Overview and Level Annotations

Branches:
Dungeon (6/15)
 Temple: D:4-7

Altars:
Sif Muna

Shops:
D:2 =?(*!   D:5 (

Annotations:
D:6 Grinder


Message History

The foxfire hits the centaur skeleton!
The centaur skeleton is moderately damaged.
The foxfire hits the centaur skeleton!
The centaur skeleton is heavily damaged.
The centaur skeleton misses you.
The centaur skeleton completely misses you.
Casting: Foxfire (safe; 1% risk of failure)
Confirm with . or Enter, or press ? or * to list all spells.
You conjure some foxfire!
The centaur skeleton hits you. The centaur skeleton barely misses you.
The foxfire hits the centaur skeleton.
The centaur skeleton is severely damaged.
The foxfire hits the centaur skeleton.
The centaur skeleton is severely damaged.
The centaur skeleton barely misses you. x2
Casting: Foxfire (safe; 1% risk of failure)
Confirm with . or Enter, or press ? or * to list all spells.
You conjure some foxfire!
The centaur skeleton barely misses you. The centaur skeleton misses you.
The shadow imp gestures at you.
You are unaffected.
The foxfire hits the centaur skeleton.
The centaur skeleton is almost destroyed.
The foxfire hits the centaur skeleton.
You destroy the centaur skeleton!
The shadow imp shouts, "Quit, thou beslubbering ill-nurtured varlet!"
Casting: Foxfire (safe; 1% risk of failure)
Confirm with . or Enter, or press ? or * to list all spells.
The fire begins to smoulder!
The shadow imp misses you.
Unknown command.
Casting: Conjure Flame (dangerous; 4% risk of failure)
Confirm with . or Enter, or press ? or * to list all spells.
The fire ignites!
You are engulfed in blazing flames.
The shadow imp gestures at you. Pain shoots through your body!
You hit the shadow imp but do no damage.
The shadow imp is almost dead.
You are engulfed in blazing flames.
Ouch! That really hurt!
You die...

.##..?..# .......<#
..###...# ...
..###..# #.#
...#..###. #.#
###.........
#.###...........
#..........#...#
#####....5@.<......#
#.................##
#...................
####.....#...#......
#...#.#.###.#....
.........#...#
.#....
........###..# # ...
.......!. ...# ..
#######.####..


You could see a shadow imp.

Vanquished Creatures
  A necrophage (D:5)
  An ogre (D:5)
  A centaur (D:4)
  A phantom (D:6)
  2 jellies (D:5)
  A centaur skeleton (D:6)
  2 bullfrog skeletons (D:5)
  2 hounds (D:5)
  An orc wizard (D:5)
  A hound skeleton (D:4)
  A howler monkey zombie (D:4)
  6 adders
  A shadow imp (D:5)
  4 worms
  A dart slug (D:1)
  3 orcs (D:5)
  9 ball pythons
  10 endoplasms
  2 giant cockroaches (D:1)
  5 goblins
  5 hobgoblins
  18 jackals
  8 quokkas
  3 bats
  A frilled lizard (D:2)
  7 kobolds
  3 rats
100 creatures vanquished.

Vanquished Creatures (others)
  61 foxfires
  5 plants (D:1)
66 creatures vanquished.

Grand Total: 166 creatures vanquished

Notes
Turn   | Place    | Note
-------+----------+-------------------------------------------
     0 | D:1      | Supercliff the Deep Elf Air Elementalist began the quest
                  | for the Orb.
     0 | D:1      | Reached XP level 1. HP: 10/10 MP: 6/6
   233 | D:1      | Reached XP level 2. HP: 8/15 MP: 1/8
   296 | D:1      | Learned a level 2 spell: Static Discharge
  1340 | D:1      | Reached XP level 3. HP: 19/19 MP: 7/10
  1367 | D:1      | Learned a level 3 spell: Swiftness
  1466 | D:1      | Found a faded altar of an unknown god.
  1624 | D:2      | Reached skill level 4 in Spellcasting
  1642 | D:2      | Found Totaac's Jewellery Shoppe.
  1821 | D:2      | Found Kane's General Store.
  1927 | D:2      | Found Ogaojenar's Distillery.
  2143 | D:2      | Found Zur Naxe's Antique Weapon Shoppe.
  2256 | D:2      | Reached XP level 4. HP: 20/24 MP: 3/12
  2523 | D:2      | Found Kotan's Magic Scroll Shoppe.
  2849 | D:3      | Learned a level 4 spell: Airstrike
  4041 | D:4      | Identified the amulet of Descent {Spirit Fly rN+ SInv}
  4147 | D:4      | Noticed a centaur
  4167 | D:4      | Killed a centaur
  4168 | D:4      | Reached skill level 5 in Spellcasting
  4168 | D:4      | Reached XP level 5. HP: 10/28 MP: 2/14
  4900 | D:4      | Learned a level 1 spell: Foxfire
  4904 | D:4      | Learned a level 3 spell: Conjure Flame
  5458 | D:5      | Entered Level 5 of the Dungeon
  5463 | D:5      | Noticed a necrophage
  5471 | D:5      | Killed a necrophage
  5472 | D:5      | Reached skill level 1 in Fire Magic
  5472 | D:5      | Reached XP level 6. HP: 32/32 MP: 9/15
  5794 | D:5      | Found a shimmering blue altar of Sif Muna.
  5988 | D:5      | Reached skill level 5 in Air Magic
  5988 | D:5      | Reached XP level 7. HP: 36/36 MP: 12/17
  6116 | D:5      | Reached skill level 5 in Conjurations
  6391 | D:5      | Found Semowav's Weapon Shoppe.
  6943 | D:6      | Noticed Grinder
  6951 | D:5      | Reached skill level 6 in Spellcasting
  7049 | D:6      | Engulfed by a cloud of flame

Illustrated notes

Levels and vault maps discovered:
D:1:      wheals_arrival_linesprint, layout_loops_ring,
          dilly_ecumenical_altar_fadedgnrine, serial_forest,
          infiniplex_forest_zigzag_1, infiniplex_forest_clump_C,
          infiniplex_forest_corner_2, infiniplex_forest_clump_double,
          infiniplex_forest_fountain, infiniplex_forest_lined_corner
D:2:      minmay_chambers_of_twos, layout_basic, serial_shops,
          nicolae_shop_trees, shop_statue,
          nicolae_shop_competitors_out_of_business, nicolae_shop_trees, shop,
          glass_columns_a
D:3:      layout_basic, portal_sewer_entry_f
D:4:      kennysheep_big_flooded_room, layout_layer_cave
D:5:      layout_gridville, lemuel_round_altar, serial_shops, shop
D:6:      layout_rooms, corexii_shack, chequers_avenue, uniq_grinder,
          uniq_edmund

Skill      XL: |  1  2  3  4  5  6  7 |
---------------+----------------------+-----
Spellcasting   | 4 5 6 |  6.1
Air Magic      | 4 5 |  5.2
Conjurations   | 3 4 5 |  5.4
Fire Magic     | 1 2 |  2.6
Dodging        | |  2.4
Stealth        | |  2.9

Action                   |  1- 3 |  4- 6 |  7- 9 || total
-------------------------+-------+-------+-------++-------
Melee: Dagger            |     1 |       |       ||     1
       Quarterstaff      |       |       |     1 ||     1
 Cast: Shock             |    92 |   103 |    15 ||   210
       Static Discharge  |     3 |     2 |     2 ||     7
       Foxfire           |       |    14 |    20 ||    34
       Swiftness         |       |     1 |       ||     1
       Conjure Flame     |       |       |     2 ||     2
Evoke: Wand              |       |     1 |       ||     1
  Use: Potion            |       |     1 |       ||     1
       Scroll            |       |       |     4 ||     4
 Stab: Sleeping          |     1 |       |       ||     1
Armor: Robe              |     5 |     3 |     2 ||    10
Dodge: Dodged            |    16 |    26 |    15 ||    57

Table legend: (Time is in decaauts)
 A = Elapsed time spent in this place.
 B = Non-inter-level travel time spent in this place.
 C = Inter-level travel time spent in this place.
 D = Time resting spent in this place.
 E = Time spent auto-exploring this place.
 F = Levels seen in this place.
 G = Mean time per level.
                   A        B        C        D        E       F      G
               +--------+--------+--------+--------+--------+-----+--------+
         Total |   7052 |   6837 |    215 |   1253 |   4895 |   6 | 1175.3 |
       Dungeon |   7052 |   6837 |    215 |   1253 |   4895 |   6 | 1175.3 |
               +--------+--------+--------+--------+--------+-----+--------+

Top non-repeatable levels by time:
     D:1: 1618 daAuts
     D:4: 1507 daAuts
     D:5: 1403 daAuts
     D:3: 1270 daAuts
     D:2: 1187 daAuts
     D:6: 65 daAuts
